General information
- name: BNet
- type: Ladder team game (AT/RT)
- host: Battle.net
- saver: Q(0.0)9
map: DragonFalls
- players: 8
- length: 46:19
- speed: Fast
- version: 1.26 W3XP
- replay type: Public
» download(356 KB)
Players
team 1 (winner)
them (
pink | 73 APM | 3402 actions | 46:18)
9 Archmage
3 Summon Water Elemental
3 Brilliance Aura
1 Mass Teleport
2 Blizzard
8 Beastmaster
3 Summon Quilbeast
3 Summon Hawk
1 Stampede
1 Summon Bear
» actions
| Assign group hotkey | 58 | |
| Basic commands | 317 | |
| Build / train | 121 | |
| Enter build submenu | 38 | |
| Enter hero's abilities submenu | 17 | |
| Give item / drop item | 6 | |
| Remove unit from queue | 1 | |
| Right click | 830 | |
| Select / deselect | 726 | |
| Select group hotkey | 1032 | |
| Use ability | 256 | |
3402 total
» units
| Peasant | 14 | |
| Rifleman | 12 | |
| Flying Machine | 24 | |
| Knight | 11 | |
| Green Dragon | 1 | |
62 total
» upgrades
| Gunpowder | 2 | |
| Lumber Harvesting | 2 | |
| Long Rifles | 1 | |
| Masonry | 2 | |
| Fragmentation Shards | 1 | |
| Flak Cannons | 1 | |
| Plating | 3 | |
| Animal War Training | 1 | |
| Swords | 1 | |
14 total
» buildings
| Altar of Kings | 1 | |
| Farm | 16 | |
| Blacksmith | 1 | |
| Barracks | 2 | |
| Scout Tower | 9 | |
| Arcane Tower | 2 | |
| Lumber Mill | 1 | |
| Keep | 1 | |
| Arcane Vault | 1 | |
| Town Hall | 2 | |
| Guard Tower | 5 | |
| Castle | 1 | |
| Workshop | 2 | |
44 total
» build order
00:21 Altar of Kings
00:28 Farm
00:38 Farm
01:48 Blacksmith
01:56 Barracks
02:10 Scout Tower
02:17 Farm
02:49 Arcane Tower
03:27 Farm
04:58 Farm
05:23 Lumber Mill
05:33 Keep
06:09 Arcane Vault
06:31 Farm
06:38 Farm
07:20 Scout Tower
07:59 Arcane Tower
08:02 Town Hall
10:26 Scout Tower
10:32 Scout Tower
11:09 Guard Tower
11:16 Castle
12:09 Scout Tower
12:15 Scout Tower
12:44 Guard Tower
12:49 Guard Tower
13:26 Workshop
13:33 Scout Tower
15:20 Workshop
16:15 Guard Tower
18:29 Barracks
19:22 Farm
21:20 Farm
21:23 Farm
21:26 Farm
21:47 Farm
22:29 Farm
22:32 Farm
22:59 Farm
26:49 Farm
29:41 Scout Tower
29:44 Scout Tower
31:48 Guard Tower
44:33 Town Hall
» items
| Scroll of Regeneration | 4 | |
| Lesser Clarity Potion | 3 | |
| Scroll of Town Portal | 4 | |
| Potion of Healing | 2 | |
| Potion of Lesser Invulnerability | 1 | |
| Boots of Speed | 1 | |
| Staff of Sanctuary | 1 | |
16 total

»
chatnel (
teal | 21 APM | 813 actions | 38:26)
4 Lich
2 Frost Armor
2 Dark Ritual
» actions
| Basic commands | 1 | |
| Build / train | 63 | |
| Enter build submenu | 26 | |
| Enter hero's abilities submenu | 4 | |
| Right click | 356 | |
| Select / deselect | 339 | |
| Use ability | 24 | |
813 total
» units
| Acolyte | 6 | |
| Ghoul | 8 | |
| Crypt Fiend | 18 | |
| Necromancer | 6 | |
38 total
» upgrades
| Creature Attack | 2 | |
| Web | 1 | |
| Creature Carapace | 2 | |
| Unholy Strength | 2 | |
| Unholy Armor | 2 | |
| Necromancer Training | 2 | |
| Skeletal Mastery | 1 | |
12 total
» buildings
| Altar of Darkness | 1 | |
| Ziggurat | 10 | |
| Crypt | 2 | |
| Graveyard | 2 | |
| Halls of the Dead | 1 | |
| Spirit Tower | 2 | |
| Black Citadel | 1 | |
| Temple of the Damned | 1 | |
20 total
» build order
00:10 Altar of Darkness
00:14 Ziggurat
00:29 Crypt
02:29 Crypt
02:43 Ziggurat
03:20 Ziggurat
03:48 Graveyard
04:38 Ziggurat
04:45 Graveyard
05:05 Ziggurat
05:31 Ziggurat
06:18 Ziggurat
08:13 Halls of the Dead
09:42 Ziggurat
10:38 Spirit Tower
10:46 Spirit Tower
15:22 Black Citadel
15:28 Ziggurat
19:21 Temple of the Damned
28:28 Ziggurat
Q(0.0)9 (
purple | 124 APM | 5722 actions | 46:19)
10 Archmage
3 Summon Water Elemental
3 Brilliance Aura
1 Mass Teleport
3 Blizzard
» actions
| Assign group hotkey | 689 | |
| Basic commands | 148 | |
| Build / train | 123 | |
| Enter build submenu | 44 | |
| Enter hero's abilities submenu | 10 | |
| Give item / drop item | 1 | |
| Remove unit from queue | 4 | |
| Right click | 2096 | |
| Select / deselect | 707 | |
| Select group hotkey | 1688 | |
| Use ability | 212 | |
5722 total
» units
| Peasant | 16 | |
| Footman | 7 | |
| Rifleman | 17 | |
| Goblin Shredder | 1 | |
| Goblin Zeppelin | 3 | |
| Goblin Sapper | 2 | |
| Priest | 9 | |
55 total
» upgrades
| Masonry | 3 | |
| Long Rifles | 1 | |
| Gunpowder | 3 | |
| Armor | 3 | |
| Priest Training | 2 | |
| Magic Sentry | 1 | |
13 total
» buildings
| Altar of Kings | 1 | |
| Barracks | 2 | |
| Farm | 15 | |
| Scout Tower | 16 | |
| Arcane Tower | 2 | |
| Lumber Mill | 1 | |
| Blacksmith | 1 | |
| Arcane Vault | 3 | |
| Town Hall | 2 | |
| Keep | 1 | |
| Guard Tower | 3 | |
| Arcane Sanctum | 1 | |
| Castle | 1 | |
49 total
» build order
00:41 Altar of Kings
00:44 Barracks
00:55 Farm
01:12 Farm
01:15 Farm
01:21 Farm
02:05 Farm
02:06 Farm
02:22 Scout Tower
02:56 Arcane Tower
03:41 Lumber Mill
03:57 Blacksmith
04:30 Barracks
04:39 Arcane Vault
04:42 Arcane Vault
05:45 Town Hall
06:20 Keep
07:02 Scout Tower
07:05 Scout Tower
07:06 Scout Tower
07:23 Scout Tower
07:27 Scout Tower
07:29 Scout Tower
08:49 Guard Tower
08:52 Arcane Tower
08:56 Guard Tower
10:12 Arcane Sanctum
11:37 Castle
11:39 Scout Tower
11:39 Scout Tower
11:40 Scout Tower
12:18 Farm
12:19 Farm
13:12 Guard Tower
13:28 Farm
13:29 Farm
14:35 Farm
14:35 Farm
15:57 Farm
16:05 Farm
17:09 Scout Tower
17:12 Arcane Vault
21:08 Farm
25:33 Scout Tower
25:33 Scout Tower
25:34 Scout Tower
25:34 Scout Tower
25:34 Scout Tower
33:48 Town Hall
» items
| Scroll of Regeneration | 12 | |
| Scroll of Town Portal | 6 | |
| Potion of Healing | 6 | |
| Mechanical Critter | 6 | |
30 total

»
CYANlDE (
yellow | 34 APM | 1570 actions | 46:18)
8 Crypt Lord
3 Carrion Beetles
3 Spiked Carapace
1 Locust Swarm
1 Impale
5 Death Knight
2 Death Coil
3 Unholy Aura
» actions
| Assign group hotkey | 15 | |
| Basic commands | 9 | |
| Build / train | 83 | |
| Enter build submenu | 27 | |
| Enter hero's abilities submenu | 13 | |
| Give item / drop item | 5 | |
| Remove unit from queue | 1 | |
| Right click | 690 | |
| Select / deselect | 351 | |
| Select group hotkey | 282 | |
| Use ability | 94 | |
1570 total
» units
| Acolyte | 12 | |
| Ghoul | 9 | |
| Frost Wyrm | 6 | |
| Goblin Shredder | 1 | |
| Crypt Fiend | 2 | |
| Gargoyle | 3 | |
| Green Dragon Whelp | 1 | |
| Green Drake | 1 | |
35 total
» upgrades
| Creature Carapace | 3 | |
| Creature Attack | 3 | |
| Web | 1 | |
| Freezing Breath | 1 | |
8 total
» buildings
| Altar of Darkness | 1 | |
| Crypt | 1 | |
| Ziggurat | 13 | |
| Tomb of Relics | 1 | |
| Graveyard | 2 | |
| Halls of the Dead | 1 | |
| Nerubian Tower | 5 | |
| Spirit Tower | 4 | |
| Sacrificial Pit | 1 | |
| Black Citadel | 1 | |
| Boneyard | 3 | |
| Necropolis | 1 | |
34 total
» build order
00:09 Altar of Darkness
00:13 Crypt
00:36 Ziggurat
00:52 Tomb of Relics
01:33 Graveyard
02:39 Halls of the Dead
03:13 Nerubian Tower
03:33 Ziggurat
06:15 Spirit Tower
06:17 Ziggurat
06:21 Sacrificial Pit
06:27 Ziggurat
08:04 Ziggurat
08:09 Ziggurat
08:12 Ziggurat
08:14 Ziggurat
08:19 Ziggurat
08:33 Black Citadel
09:21 Spirit Tower
09:21 Nerubian Tower
09:22 Nerubian Tower
09:22 Nerubian Tower
10:11 Spirit Tower
10:13 Spirit Tower
10:45 Graveyard
11:57 Boneyard
12:01 Boneyard
12:13 Boneyard
27:25 Ziggurat
32:08 Necropolis
32:13 Ziggurat
32:15 Ziggurat
32:17 Ziggurat
40:04 Nerubian Tower
» items
| Rod of Necromancy | 1 | |
| Potion of Mana | 1 | |
| Potion of Healing | 3 | |
| Scroll of Town Portal | 3 | |
| Orb of Corruption | 3 | |
| Scroll of Healing | 2 | |
13 total
team 2 (loser)

»
DeN[A]Li (
green | 91 APM | 3662 actions | 40:20)
7 Archmage
2 Blizzard
3 Brilliance Aura
1 Mass Teleport
1 Summon Water Elemental
5 Mountain King
3 Storm Bolt
2 Bash
6 Dark Ranger
3 Silence
2 Black Arrow
1 Charm
» actions
| Assign group hotkey | 54 | |
| Basic commands | 576 | |
| Build / train | 119 | |
| ESC pressed | 3 | |
| Enter build submenu | 32 | |
| Enter hero's abilities submenu | 20 | |
| Give item / drop item | 5 | |
| Remove unit from queue | 3 | |
| Right click | 1189 | |
| Select / deselect | 515 | |
| Select group hotkey | 1032 | |
| Use ability | 113 | |
3662 total
» units
| Peasant | 30 | |
| Footman | 3 | |
| Spell Breaker | 4 | |
| Gryphon Rider | 8 | |
| Knight | 5 | |
| Dragonhawk Rider | 5 | |
| Siege Engine | 7 | |
62 total
» upgrades
| Swords | 3 | |
| Armor | 3 | |
| Lumber Harvesting | 1 | |
| Storm Hammers | 1 | |
| Control Magic | 1 | |
| Animal War Training | 1 | |
| Plating | 2 | |
| Cloud | 1 | |
| Barrage | 1 | |
| Gunpowder | 1 | |
15 total
» buildings
| Altar of Kings | 1 | |
| Farm | 14 | |
| Arcane Vault | 1 | |
| Barracks | 4 | |
| Keep | 3 | |
| Lumber Mill | 2 | |
| Blacksmith | 1 | |
| Town Hall | 2 | |
| Castle | 1 | |
| Arcane Sanctum | 1 | |
| Gryphon Aviary | 3 | |
| Workshop | 2 | |
35 total
» build order
00:19 Altar of Kings
00:23 Farm
00:49 Farm
01:01 Arcane Vault
01:25 Farm
01:58 Barracks
02:21 Farm
03:16 Keep
03:16 Keep
04:45 Lumber Mill
04:47 Blacksmith
06:17 Town Hall
07:18 Castle
07:46 Arcane Sanctum
08:45 Gryphon Aviary
08:47 Gryphon Aviary
09:38 Farm
09:39 Farm
09:44 Gryphon Aviary
10:22 Farm
11:34 Farm
12:16 Farm
13:22 Farm
13:34 Farm
13:35 Farm
15:24 Barracks
15:27 Barracks
15:30 Barracks
16:12 Lumber Mill
18:16 Farm
18:18 Farm
21:44 Workshop
21:47 Workshop
33:32 Town Hall
» items
| Scroll of Regeneration | 5 | |
| Lesser Clarity Potion | 3 | |
| Boots of Speed | 1 | |
| Periapt of Vitality | 1 | |
| Scroll of Town Portal | 1 | |
11 total

»
LOBOFURTIVO (
orange | 42 APM | 1712 actions | 40:25)
6 Blademaster
2 Wind Walk
3 Critical Strike
1 Mirror Image
3 Tauren Chieftain
2 Endurance Aura
1 War Stomp
» actions
| Assign group hotkey | 89 | |
| Basic commands | 223 | |
| Build / train | 106 | |
| Enter build submenu | 27 | |
| Enter hero's abilities submenu | 9 | |
| Give item / drop item | 1 | |
| Right click | 270 | |
| Select / deselect | 343 | |
| Select group hotkey | 472 | |
| Use ability | 172 | |
1712 total
» units
| Peon | 21 | |
| Grunt | 6 | |
| Goblin Shredder | 1 | |
| Troll Witch Doctor | 10 | |
| Wind Rider | 7 | |
| Raider | 18 | |
63 total
» upgrades
| Pillage | 1 | |
| Spiked Barricades | 3 | |
| Armor | 3 | |
| Melee Weapons | 3 | |
| Reinforced Defenses | 1 | |
| Witch Doctor Training | 2 | |
| Shaman Training | 2 | |
| Envenomed Spears | 1 | |
| Ensnare | 1 | |
| Ranged Weapons | 3 | |
| Pulverize | 1 | |
21 total
» buildings
| Orc Burrow | 7 | |
| Altar of Storms | 1 | |
| Barracks | 1 | |
| Voodoo Lounge | 1 | |
| War Mill | 2 | |
| Watch Tower | 25 | |
| Stronghold | 1 | |
| Great Hall | 5 | |
| Fortress | 1 | |
| Spirit Lodge | 1 | |
| Tauren Totem | 3 | |
| Beastiary | 3 | |
51 total
» build order
00:33 Orc Burrow
00:43 Altar of Storms
00:48 Barracks
01:08 Voodoo Lounge
01:41 Orc Burrow
01:45 Orc Burrow
01:47 Orc Burrow
02:49 War Mill
04:06 Watch Tower
04:07 Watch Tower
04:08 Watch Tower
04:10 Watch Tower
05:42 Stronghold
08:03 Great Hall
08:07 Watch Tower
08:09 Watch Tower
08:10 Watch Tower
08:11 Watch Tower
08:22 Fortress
09:44 Spirit Lodge
11:33 Tauren Totem
11:33 Tauren Totem
11:34 Tauren Totem
12:09 Watch Tower
12:10 Watch Tower
12:12 Watch Tower
12:13 Watch Tower
12:15 Watch Tower
13:12 Great Hall
13:19 Watch Tower
13:20 Watch Tower
13:20 Watch Tower
13:23 Watch Tower
14:08 Orc Burrow
14:09 Orc Burrow
14:10 Orc Burrow
15:31 Beastiary
15:32 Beastiary
15:32 Beastiary
16:09 War Mill
28:58 Great Hall
29:01 Watch Tower
29:02 Watch Tower
31:59 Great Hall
33:21 Watch Tower
33:22 Watch Tower
33:22 Watch Tower
33:24 Watch Tower
39:41 Great Hall
39:44 Watch Tower
40:19 Watch Tower
» items
| Healing Salve | 2 | |
| Orb of Lightning | 2 | |
| Scroll of Town Portal | 3 | |
| Potion of Healing | 1 | |
8 total

»
MemorialMauler (
red | 57 APM | 2646 actions | 46:17)
6 Far Seer
2 Feral Spirit
3 Chain Lighting
1 Earth Quake
5 Beastmaster
2 Summon Bear
3 Summon Hawk
» actions
| Assign group hotkey | 30 | |
| Basic commands | 168 | |
| Build / train | 81 | |
| ESC pressed | 7 | |
| Enter build submenu | 35 | |
| Enter hero's abilities submenu | 11 | |
| Give item / drop item | 1 | |
| Remove unit from queue | 2 | |
| Right click | 735 | |
| Select / deselect | 408 | |
| Select group hotkey | 1047 | |
| Use ability | 121 | |
2646 total
» units
| Peon | 21 | |
| Wind Rider | 17 | |
| Green Drake | 1 | |
| Green Dragon | 2 | |
| Raider | 3 | |
| Siege Engine | 1 | |
| Troll Batrider | 1 | |
46 total
» upgrades
| Armor | 3 | |
| Ranged Weapons | 3 | |
| Envenomed Spears | 1 | |
| Reinforced Defenses | 1 | |
| Ensnare | 1 | |
| Pillage | 1 | |
10 total
» buildings
| Orc Burrow | 9 | |
| Altar of Storms | 2 | |
| War Mill | 2 | |
| Stronghold | 2 | |
| Watch Tower | 9 | |
| Beastiary | 5 | |
| Great Hall | 3 | |
| Voodoo Lounge | 2 | |
| Fortress | 1 | |
35 total
» build order
00:08 Orc Burrow
00:13 Altar of Storms
00:40 War Mill
01:25 Orc Burrow
02:27 Stronghold
02:52 Watch Tower
03:25 Orc Burrow
04:51 Beastiary
04:55 Beastiary
05:27 Beastiary
06:52 Orc Burrow
07:21 Great Hall
07:37 Voodoo Lounge
08:18 Orc Burrow
08:49 Orc Burrow
10:22 Fortress
13:51 Orc Burrow
18:48 Watch Tower
22:30 Watch Tower
23:38 Great Hall
24:00 Watch Tower
24:01 Watch Tower
24:03 Watch Tower
24:05 Watch Tower
26:57 Great Hall
26:58 Watch Tower
28:07 Watch Tower
28:46 Altar of Storms
40:38 Beastiary
40:40 Beastiary
41:31 Orc Burrow
41:34 Orc Burrow
42:48 Voodoo Lounge
43:14 War Mill
43:21 Stronghold
» items
| Healing Salve | 1 | |
| Scroll of Town Portal | 2 | |
| Orb of Lightning | 1 | |
| Scroll of Regeneration | 1 | |
| Orb of Fire | 1 | |
6 total

»
powerdreamer (
blue | 102 APM | 4127 actions | 40:17)
6 Blademaster
3 Wind Walk
2 Critical Strike
1 Bladestorm
» actions
| Assign group hotkey | 55 | |
| Basic commands | 365 | |
| Build / train | 114 | |
| ESC pressed | 11 | |
| Enter build submenu | 33 | |
| Enter hero's abilities submenu | 6 | |
| Give item / drop item | 2 | |
| Remove unit from queue | 1 | |
| Right click | 2567 | |
| Select / deselect | 613 | |
| Select group hotkey | 165 | |
| Use ability | 195 | |
4127 total
» units
| Peon | 26 | |
| Grunt | 8 | |
| Shaman | 5 | |
| Tauren | 14 | |
| Spirit Walker | 1 | |
| Troll Witch Doctor | 3 | |
57 total
» upgrades
| Shaman Training | 2 | |
| Melee Weapons | 2 | |
| Pulverize | 1 | |
| Witch Doctor Training | 2 | |
7 total
» buildings
| Altar of Storms | 1 | |
| Orc Burrow | 7 | |
| Barracks | 1 | |
| War Mill | 1 | |
| Stronghold | 3 | |
| Voodoo Lounge | 2 | |
| Fortress | 2 | |
| Spirit Lodge | 1 | |
| Tauren Totem | 2 | |
| Great Hall | 4 | |
| Watch Tower | 5 | |
29 total
» build order
00:06 Altar of Storms
00:16 Orc Burrow
00:35 Barracks
01:28 Orc Burrow
01:29 Orc Burrow
02:09 War Mill
02:42 Stronghold
02:43 Stronghold
03:32 Orc Burrow
04:03 Voodoo Lounge
05:04 Fortress
05:07 Spirit Lodge
05:23 Orc Burrow
07:50 Tauren Totem
08:15 Tauren Totem
09:03 Great Hall
10:54 Orc Burrow
11:49 Great Hall
16:17 Watch Tower
16:27 Voodoo Lounge
16:51 Watch Tower
18:15 Orc Burrow
19:34 Watch Tower
19:46 Watch Tower
22:59 Great Hall
23:11 Great Hall
28:20 Watch Tower
» items
| Boots of Speed | 1 | |
| Healing Salve | 3 | |
| Scroll of Speed | 1 | |
| Lesser Clarity Potion | 7 | |
| Orb of Lightning | 1 | |
| Scroll of Town Portal | 7 | |
| Potion of Healing | 1 | |
| Potion of Lesser Invulnerability | 1 | |
| Periapt of Vitality | 1 | |
| Scroll of Healing | 1 | |
24 total
Chat log
(00:15 / All) DeN[A]Li: i will definately stick a screwdriver in my asshole tonight
(00:25 / All) MemorialMauler: a skinny one?
(00:31 / All) DeN[A]Li: no
(00:31 / All) CYANlDE: put it on youtube
(00:57 / All) MemorialMauler: a phillips head?
(01:00 / All) MemorialMauler: or flathead?
(01:05 / All) DeN[A]Li: the handle
(01:05 / All) CYANlDE: robertson
(01:07 / All) DeN[A]Li: gape my ass
(02:03 / Allies) chatnel: what
(02:29 / All) CYANlDE: ©¿©
(07:44 / Allies) Q(0.0)9: brillaint yellow
(07:51 / Allies) CYANlDE: ?
(07:55 / Allies) CYANlDE: what is
(07:58 / Allies) Q(0.0)9: nvm
(08:07 / Allies) CYANlDE: no really what
(08:35 / Allies) them: have you guys played this game before?
(08:52 / Allies) CYANlDE: i only have 3000 games
(09:08 / Allies) CYANlDE: u?
(09:27 / Allies) them: prob not as many
(09:30 / Allies) CYANlDE: k
(09:41 / Allies) CYANlDE: lol
(11:04 / Allies) CYANlDE: eye for an eye
(11:34 / Allies) CYANlDE: red loses his army for m2 acro
(13:08 / All) DeN[A]Li: ROFL
(13:09 / All) DeN[A]Li: SCRUB
(13:10 / All) DeN[A]Li: GG
(13:42 / Allies) Q(0.0)9: tp
(14:01 / Allies) Q(0.0)9: TP I SADID
(14:41 / All) DeN[A]Li: ROFL NICE TP
(15:12 / All) CYANlDE: lmfao
(17:12 / All) powerdreamer: THE
(17:13 / All) powerdreamer: FUCK
(19:37 / Allies) CYANlDE: i will freeze
(19:46 / Allies) CYANlDE: ty
(20:03 / Allies) CYANlDE: b
(20:19 / Allies) CYANlDE: lure tyhem out
(21:53 / Allies) CYANlDE: ?
(22:05 / Allies) Q(0.0)9: got mass tp now
(22:10 / Allies) CYANlDE: ok
(23:30 / Allies) Q(0.0)9: can't let them expand
(24:43 / Allies) CYANlDE: omw
(26:09 / Allies) CYANlDE: hit red?
(26:20 / Allies) CYANlDE: fight together
(26:21 / Allies) Q(0.0)9: stay together
(26:43 / Allies) them: teal is fucking weak link
(26:55 / Allies) chatnel: dont got any gold
(27:32 / Allies) Q(0.0)9: ?
(27:38 / Allies) CYANlDE: leave it
(27:40 / Allies) Q(0.0)9: LOL
(27:42 / Allies) Q(0.0)9: orange is fucking sutpid
(28:57 / Allies) Q(0.0)9: where is your stuff teal
(29:10 / Allies) chatnel: i was out of gold i said
(29:18 / Allies) CYANlDE: use those idls gouls
(29:19 / Allies) them: he suicided
(29:22 / Allies) chatnel: this is my wood creep lol
(29:33 / Allies) CYANlDE: you got 3k gold
(29:38 / Allies) CYANlDE: u dont need any more wood
(29:40 / Allies) CYANlDE: wood*
(29:44 / Allies) Q(0.0)9: pink you have tp?|
(29:48 / Allies) them: ya
(29:56 / Allies) chatnel: gold was missing not wood lol
(30:03 / Allies) CYANlDE: use guls to fight
(30:07 / Allies) CYANlDE: they are dont nothing
(30:14 / Allies) chatnel: yeah commin lol
(30:29 / Allies) CYANlDE: lets go
(30:42 / Allies) CYANlDE: i got it
(31:12 / Allies) Q(0.0)9: have to kill the tanks
(31:21 / Allies) CYANlDE: box him in
(31:23 / Allies) CYANlDE: he has no tp
(33:34 / All) Q(0.0)9: I should ahve tped out as soon as I saw blizzard
(35:27 / All) powerdreamer: ENT
(35:28 / All) powerdreamer: ENT
(36:11 / Allies) Q(0.0)9: that was my mechanical animal yellow
(36:17 / Allies) CYANlDE: sorry
(36:23 / Allies) CYANlDE: thought it was enemy
(36:28 / Allies) CYANlDE: my appologies
(36:39 / Allies) CYANlDE: its gg anyways
(36:51 / Allies) Q(0.0)9: keep denying expos
(36:58 / Allies) CYANlDE: too late
(37:43 / Allies) CYANlDE: ?
(37:48 / Allies) CYANlDE: mass tp to me and kill expo?
(37:57 / Allies) CYANlDE: nm
(39:03 / Allies) Q(0.0)9: ou8t yellow
(39:12 / Allies) CYANlDE: gg
(40:18 / All) DeN[A]Li: BEST GAME IVE HAD IN YEARS
(40:19 / All) DeN[A]Li: GG
(40:32 / All) them: gg
(40:39 / Allies) Q(0.0)9: it was close because teal is a fucking idiot
(40:46 / All) CYANlDE: lol
(40:49 / Allies) them: true
(40:52 / Allies) Q(0.0)9: hence why he left when he thought we lost
(40:58 / Allies) Q(0.0)9: need to kill those dragons
(41:06 / All) CYANlDE: my wyrms cant kill them
(41:20 / Allies) CYANlDE: 2 more expos
(41:48 / Allies) Q(0.0)9: we need to kill the dragons
(41:52 / Allies) Q(0.0)9: and that
(41:58 / Allies) CYANlDE: i will kill green
(42:04 / Allies) CYANlDE: u guys go after reds dragons
(42:05 / Allies) Q(0.0)9: kill the expansion
(42:09 / Allies) them: kk
(42:15 / Allies) Q(0.0)9: yellow kill the expansion
(42:25 / Allies) CYANlDE: with 2 wyrms?
(42:25 / Allies) Q(0.0)9: wait a sec pinkl
(42:29 / Allies) CYANlDE: one is almost dead
(42:34 / Allies) Q(0.0)9: yellow kill the expansion it only has 1 tyower
(42:43 / Allies) CYANlDE: kill that then
(42:54 / Allies) CYANlDE: yours?
(42:58 / Allies) Q(0.0)9: that one
(43:02 / Allies) CYANlDE: no
(43:06 / Allies) CYANlDE: i was tlanig about the bunny
(43:09 / Allies) Q(0.0)9: probably
(43:12 / Allies) CYANlDE: talknig*
(43:15 / Allies) CYANlDE: w.e
(43:16 / Allies) CYANlDE: lol
(43:29 / Allies) Q(0.0)9: bring your gyros to your hero
(44:11 / Allies) CYANlDE: god
(44:15 / Allies) CYANlDE: corpses
(44:16 / Allies) Q(0.0)9: make sure he doesn't blizard the gyros
(44:19 / Allies) CYANlDE: for my bettles :)
(44:22 / Allies) Q(0.0)9: nvm
(44:34 / Allies) CYANlDE: good
(44:44 / Allies) CYANlDE: purp
(44:46 / Allies) CYANlDE: pink
(44:50 / Allies) CYANlDE: we need to kill this
(45:09 / Allies) CYANlDE: look
(46:07 / Allies) Q(0.0)9: left me hanging yella
(46:15 / Allies) Q(0.0)9: thankfully I got an ankh just in case
(46:16 / All) MemorialMauler: gg